 Dungeon Crawl Stone Soup version 0.30-a0-862-g1aabd4f9c5 (webtiles) character file.

Game seed: 9125042507524818993

44 scionoferis the Grave Robber (level 3, -1/26 HPs)
             Began as a Mummy Necromancer on Mar 9, 2023.
             Slain by a black bear (7 damage)
             ... on level 4 of the Dungeon.
             The game lasted 00:04:17 (1250 turns).

scionoferis the Grave Robber (Mummy Necromancer)    Turns: 1250, Time: 00:04:18

Health: -1/26      AC:  2    Str: 11    XL:     3   Next: 41%
Magic:  7/7        EV: 12    Int: 16    God:
Gold:   105        SH:  0    Dex: 12    Spells: 4/8 levels left

rFire   x . .      SeeInvis .    a - +0 spear
rCold   + + .      Faith    +    (no shield)
rNeg    + + +      Spirit   .    k - +0 robe
rPois   ∞          Reflect  .    (no helmet)
rElec   .          Rampage  .    (no cloak)
rCorr   .                        (no gloves)
Will    .....                    (no boots)
Stlth   ++                       (no amulet)
HPRegen 0.24/turn                f - ring of protection from cold
MPRegen 0.10/turn                (no ring)

@: no status effects
A: cold resistance 1, negative energy resistance 3, torment resistance 2, heat
vulnerability 1, in touch with death 1, no potions, faith
a: no special abilities


You were on level 4 of the Dungeon.
You visited 1 branch of the dungeon, and saw 3 of its levels.

You collected 105 gold pieces.


Innate Abilities, Weirdness & Mutations

You are immune to poison.
Your flesh is cold resistant. (rC+)
You are immune to negative energy. (rN+++)
You are immune to unholy pain and torment.
You are vulnerable to heat. (rF-)
You are in touch with the powers of death.
You do not drink.
You have a special connection with the divine. (Faith)


   Skills:
 + Level 1.1 Fighting
 - Level 1.5 Dodging
 + Level 2.0 Stealth
 + Level 3.2 Spellcasting
 * Level 4.5 Necromancy


You had 4 spell levels left.
You knew the following spells:

 Your Spells              Type           Power      Damage    Failure   Level
a - Necrotise             Necr           100%       1d9       2%          1
b - Vampiric Draining     Necr           25%        2d7       9%          3

Your spell library contained the following spells:

 Spells                   Type           Power      Damage    Failure   Level
 Animate Dead             Necr           25%        N/A       28%         4
 Agony                    Necr           25%        N/A       61%         5

Inventory:

Hand Weapons
 a - a +0 spear (weapon)
   (You found it on level 1 of the Dungeon)
 b - a +0 sling
   (You found it on level 2 of the Dungeon)
 d - a +0 dagger
   (You took it off a goblin on level 1 of the Dungeon)
 n - a +0 rapier
   (You found it on level 2 of the Dungeon)
 o - a +0 short sword
   (You took it off a kobold on level 2 of the Dungeon)
 p - a +0 long sword
   (You found it on level 2 of the Dungeon)
Armour
 k - a +0 robe (worn)
Magical Staves
 i - a staff of fire
   (You found it on level 1 of the Dungeon)
Jewellery
 f - a ring of protection from cold (left hand)
   (You found it on level 1 of the Dungeon)
Scrolls
 c - a scroll of silence {unknown}
 e - a scroll of butterflies {unknown}
 g - 2 scrolls of poison
 h - 3 scrolls of magic mapping {unknown}
 j - a scroll of enchant weapon {unknown}
 l - a scroll of torment {unknown}
 m - a scroll of blinking {unknown}
 q - a scroll of immolation {unknown}
 r - a scroll of fear {unknown}

Dungeon Overview and Level Annotations

Branches:
Dungeon (2/15)

Altars:

#.........#
####.######
##.######
#.......#
#.###.#.#
#.###☼#.#
#.##○.#.#
#.##○##.#
#..☼@...#
####h####
#.# #.#
#..>.....
######...


You could see a black bear (berserk, poisoned).


Message History

Welcome, scionoferis the Mummy Necromancer.
Will you prevail where others failed? Will you find the Orb of Zot?
Press ? for a list of commands and other information.
Found 13 gold pieces.
Found a staircase leading out of the dungeon.
You now have 13 gold pieces.
You open the door.
There is an open door here.
A frilled lizard comes into view.
Found an escape hatch in the floor.
The frilled lizard hisses angrily.
A quokka comes into view.
The frilled lizard moves out of view.
A frilled lizard comes into view.
There is an open door here.
Aiming: Necrotise (safe; 4% risk of failure)
Press: ? - help, Q - select action Shift-Dir - straight line, f - frilled lizard
Aim: a frilled lizard (chance to affect: 83%)
The frilled lizard writhes in agony.
You kill the frilled lizard!
Unknown command.
Aiming: Necrotise (safe; 4% risk of failure)
Press: ? - help, Q - select action Shift-Dir - straight line, f - quokka
Aim: a quokka (chance to affect: 83%)
The quokka barely resists.
Unknown command.
Aiming: Necrotise (safe; 4% risk of failure)
Press: ? - help, Q - select action Shift-Dir - straight line, f/p - quokka
Aim: a quokka (chance to affect: 83%)
The quokka writhes in agony.
The quokka barely misses you.
Unknown command.
Aiming: Necrotise (safe; 4% risk of failure)
Press: ? - help, Q - select action Shift-Dir - straight line, f/p - quokka
Aim: a quokka (severely wounded, ally target, chance to affect: 83%)
The quokka writhes in agony.
You kill the quokka!
The dead are hopping!
You swap places.
You start resting.
Your frilled lizard skeleton crumbles into dust!
Your quokka skeleton crumbles into dust!
Magic restored.
You now have 24 gold pieces (gained 11).
An endoplasm comes into view.
Found a scroll labelled JOWNIOROBU.
Found 13 gold pieces.
Aiming: Necrotise (safe; 4% risk of failure)
Press: ? - help, Q - select action Shift-Dir - straight line, f - endoplasm
Aim: an endoplasm (asleep, chance to affect: 83%)
The endoplasm quivers.
The endoplasm writhes in agony.
Unknown command.
Aiming: Necrotise (safe; 4% risk of failure)
Press: ? - help, Q - select action Shift-Dir - straight line, f/p - endoplasm
Aim: an endoplasm (severely wounded, chance to affect: 83%)
The endoplasm writhes in agony.
You kill the endoplasm!
Unknown command.
b - a scroll labelled DOHES LERCHAMIRE
c - a scroll labelled FEGEIQ KOYFF
d - a scroll labelled JOWNIOROBU A goblin comes into view.
It is wielding a +0 dagger.
Found 2 bubbling puce potions.
The goblin shouts!
Aiming: Necrotise (safe; 4% risk of failure)
Press: ? - help, Q - select action Shift-Dir - straight line, f - goblin
Aim: a goblin, wielding a +0 dagger (chance to affect: 83%)
The goblin writhes in agony.
You kill the goblin!
The dead are walking!
You now have 37 gold pieces (gained 13).
A quokka comes into view.
Your goblin skeleton hits the quokka but does no damage.
The quokka barely misses your goblin skeleton.
You see here 2 bubbling puce potions.
Your goblin skeleton closely misses the quokka.
The quokka bites your goblin skeleton. The quokka bites your goblin skeleton.
Your goblin skeleton misses the quokka.
The quokka barely misses your goblin skeleton.
Your goblin skeleton misses the quokka.
The quokka bites your goblin skeleton. The quokka bites your goblin skeleton.
Your goblin skeleton is destroyed!
Aiming: Necrotise (safe; 4% risk of failure)
Press: ? - help, Q - select action Shift-Dir - straight line, f - quokka
Aim: a quokka (chance to affect: 83%)
The quokka writhes in agony.
Unknown command.
Aiming: Necrotise (safe; 4% risk of failure)
Press: ? - help, Q - select action Shift-Dir - straight line, f/p - quokka
Aim: a quokka (lightly wounded, chance to affect: 83%)
The quokka writhes in agony.
The quokka bites you.
Unknown command.
Aiming: Necrotise (safe; 4% risk of failure)
Press: ? - help, Q - select action Shift-Dir - straight line, f/p - quokka
Aim: a quokka (moderately wounded, chance to affect: 83%)
The quokka writhes in agony.
You kill the quokka!
The dead are hopping!
Something hits your quokka skeleton.
A bat comes into view.
Found a tourmaline ring.
The bat closely misses your quokka skeleton.
You see here a +0 dagger.
e - a +0 dagger Your quokka skeleton closely misses the bat.
e - a +0 dagger (weapon)
You hit the bat.
The bat is moderately wounded.
The bat barely misses you.
Aiming: Necrotise (safe; 4% risk of failure)
Press: ? - help, Q - select action Shift-Dir - straight line, f - bat
Aim: a bat (moderately wounded, ally target, chance to affect: 83%)
The bat writhes in agony.
You kill the bat!
The dead are flying!
You start resting.
HP restored.
Your bat skeleton crumbles into dust!
Your quokka skeleton crumbles into dust!
Magic restored.
Found a dagger.
Found a stone staircase leading down.
A hobgoblin comes into view.
Found an orange potion.
The hobgoblin shouts!
Aiming: Necrotise (safe; 4% risk of failure)
Press: ? - help, Q - select action Shift-Dir - straight line, f - hobgoblin
Aim: a hobgoblin (chance to affect: 83%)
The hobgoblin writhes in agony.
You kill the hobgoblin!
The dead are walking!
You have reached level 2!
f - a ring of protection from cold
f - a ring of protection from cold (left hand)
Okay, then.
There is a stone staircase leading down here.
A bat comes into view.
You see here an orange potion.
Aiming: Necrotise (safe; 3% risk of failure)
Press: ? - help, Q - select action Shift-Dir - straight line, f - bat
Aim: a bat (asleep, chance to affect: 83%)
The bat barely resists.
Unknown command.
Aiming: Necrotise (safe; 3% risk of failure)
Press: ? - help, Q - select action Shift-Dir - straight line, f/p - bat
Aim: a bat (ally target, chance to affect: 83%)
The bat barely resists.
Your hobgoblin skeleton crumbles into dust!
The bat completely misses you. The bat hits you but does no damage.
Aiming: Necrotise (safe; 3% risk of failure)
Press: ? - help, Q - select action Shift-Dir - straight line, f/p - bat
Aim: a bat (chance to affect: 83%)
The bat writhes in agony.
You kill the bat!
The dead are flying!
You swap places.
g - a scroll labelled TOFROU PETOD A frilled lizard comes into view.
Found a grey potion and a cyan potion.
The frilled lizard hisses angrily.
A ball python comes into view.
Aiming: Necrotise (safe; 3% risk of failure)
Press: ? - help, Q - select action Shift-Dir - straight line, f - ball python
Aim: a ball python (wandering, hasn't noticed you, chance to affect: 83%)
The ball python barely resists.
Your bat skeleton hits the ball python.
The ball python bites your bat skeleton.
The ball python grabs your bat skeleton.
The ball python constricts your bat skeleton.
Your bat skeleton hits the ball python.
Your bat skeleton closely misses the ball python.
Your bat skeleton hits the ball python.
The ball python dies!
Your bat skeleton barely misses the frilled lizard.
Your bat skeleton misses the frilled lizard. x2
The frilled lizard bites your bat skeleton.
Your bat skeleton crumbles into dust!
You see here an orange potion.
Aiming: Necrotise (safe; 3% risk of failure)
Press: ? - help, Q - select action Shift-Dir - straight line, f - frilled lizard
Aim: a frilled lizard (chance to affect: 83%)
The frilled lizard writhes in agony.
Unknown command.
Aiming: Necrotise (safe; 3% risk of failure)
Press: ? - help, Q - select action Shift-Dir - straight line, f/p - frilled lizard
Aim: a frilled lizard (heavily wounded, chance to affect: 83%)
The frilled lizard writhes in agony.
You kill the frilled lizard!
The dead are walking!
Your frilled lizard skeleton crumbles into dust!
You see here a +0 dagger.
A ball python comes into view.
The ball python hisses angrily.
Aiming: Necrotise (safe; 3% risk of failure)
Press: ? - help, Q - select action Shift-Dir - straight line, f - you
Okay, then.
Aiming: Necrotise (safe; 3% risk of failure)
Press: ? - help, Q - select action Shift-Dir - straight line, f - ball python
Aim: a ball python (chance to affect: 83%)
The ball python writhes in agony.
You kill the ball python!
The dead are slithering!
You swap places.
Found a stone staircase leading down.
A goblin comes into view. It is wielding a +0 dagger.
Aiming: Necrotise (safe; 3% risk of failure)
Press: ? - help, Q - select action Shift-Dir - straight line, f - goblin
Aim: a goblin, wielding a +0 dagger (ally target, chance to affect: 83%)
You miscast Necrotise.
You are very lightly contaminated with residual magic.
Nothing appears to happen.
The goblin hits your ball python skeleton with a +0 dagger.
Your ball python skeleton closely misses the goblin.
Your ball python skeleton completely misses the goblin.
The goblin hits your ball python skeleton with a +0 dagger.
Your ball python skeleton misses the goblin.
Your ball python skeleton grabs the goblin.
Your ball python skeleton constricts the goblin.
The goblin hits your ball python skeleton with a +0 dagger.
Your ball python skeleton bites the goblin.
Your ball python skeleton constricts the goblin.
The goblin hits your ball python skeleton with a +0 dagger.
Your ball python skeleton is destroyed!
Aiming: Necrotise (safe; 3% risk of failure)
Press: ? - help, Q - select action Shift-Dir - straight line, f/p - goblin
Aim: a goblin, wielding a +0 dagger (severely wounded, chance to affect: 83%)
The goblin writhes in agony.
You kill the goblin!
Your magical contamination has completely faded away.
You now have 52 gold pieces (gained 15).
Your goblin skeleton crumbles into dust!
A bat comes into view.
Unknown command.
Found a stone staircase leading down.
Aiming: Necrotise (safe; 3% risk of failure)
Press: ? - help, Q - select action Shift-Dir - straight line, f - bat
Aim: a bat (chance to affect: 83%)
The bat writhes in agony.
You kill the bat!
The dead are flying!
Your Spellcasting skill increases to level 3!
You swap places.
Your bat skeleton crumbles into dust!
Found a spear.
Found 3 stones.
You see here a staff of fire.
h - a scroll labelled ERGHAR QAUSOQA You see here a +0 club.
You see here a staff of fire.
i - a staff of fire A bat comes into view.
A goblin comes into view. It is wielding a +0 club.
Aiming: Necrotise (safe; 3% risk of failure)
Press: ? - help, Q - select action Shift-Dir - straight line, f - bat
Aim: a bat (chance to affect: 84%)
The bat writhes in agony.
You kill the bat!
The dead are flying!
You start resting.
Magic restored.
The goblin shouts!
You hear a shout!
Your bat skeleton closely misses the goblin.
Your bat skeleton misses the goblin.
The goblin barely misses your bat skeleton.
Aiming: Necrotise (safe; 3% risk of failure)
Press: ? - help, Q - select action Shift-Dir - straight line, f - you
Okay, then.
Your bat skeleton hits the goblin. x2
Your bat skeleton barely misses the goblin.
The goblin hits your bat skeleton with a +0 club.
Your bat skeleton hits the goblin.
Your bat skeleton barely misses the goblin.
Your bat skeleton hits the goblin.
The goblin dies!
A goblin comes into view. It is wielding a +0 club.
The goblin shouts!
The goblin moves out of view.
You swap places.
A goblin is nearby!
Aiming: Necrotise (safe; 3% risk of failure)
Press: ? - help, Q - select action Shift-Dir - straight line, f - goblin
Aim: a goblin, wielding a +0 club (chance to affect: 84%)
The goblin writhes in agony.
You kill the goblin!
The dead are walking!
An endoplasm comes into view.
The endoplasm closely misses your goblin skeleton.
Your goblin skeleton hits the endoplasm.
The endoplasm hits your goblin skeleton.
A hobgoblin comes into view.
Aiming: Necrotise (safe; 3% risk of failure)
Press: ? - help, Q - select action Shift-Dir - straight line, f - you
Okay, then.
The hobgoblin shouts!
The endoplasm barely misses your goblin skeleton.
Your goblin skeleton hits the endoplasm.
The endoplasm barely misses your goblin skeleton.
Your goblin skeleton barely misses the endoplasm.
The endoplasm barely misses your goblin skeleton.
Aiming: Necrotise (safe; 3% risk of failure)
Press: ? - help, Q - select action Shift-Dir - straight line, f - hobgoblin
Aim: a hobgoblin (chance to affect: 84%)
The hobgoblin writhes in agony.
Your goblin skeleton hits the endoplasm.
An endoplasm comes into view.
The endoplasm barely misses your goblin skeleton.
Aiming: Necrotise (safe; 3% risk of failure)
Press: ? - help, Q - select action Shift-Dir - straight line, f/p - hobgoblin
Aim: a hobgoblin (almost dead, chance to affect: 84%)
The hobgoblin writhes in agony.
You kill the hobgoblin!
The dead are walking!
Your goblin skeleton hits the endoplasm but does no damage.
The endoplasm barely misses your goblin skeleton.
The endoplasm freezes your goblin skeleton.
Your goblin skeleton is frozen.
Your goblin skeleton resists.
The endoplasm barely misses your goblin skeleton.
Your goblin skeleton hits the endoplasm.
The endoplasm freezes your goblin skeleton.
Your goblin skeleton is frozen.
Your goblin skeleton completely resists.
Unknown command.
The endoplasm barely misses your goblin skeleton. x2
Your goblin skeleton hits the endoplasm but does no damage.
The endoplasm hits your goblin skeleton. x2
Your goblin skeleton is destroyed!
The endoplasm quivers.
Your bat skeleton hits the endoplasm but does no damage.
The endoplasm hits your bat skeleton.
The endoplasm barely misses your bat skeleton.
Your bat skeleton hits the endoplasm but does no damage.
Your bat skeleton hits the endoplasm. x2
The endoplasm freezes your bat skeleton.
Your bat skeleton is frozen.
Your bat skeleton completely resists.
The endoplasm hits your bat skeleton.
Your bat skeleton hits the endoplasm but does no damage. x2
Your bat skeleton hits the endoplasm.
The endoplasm dies!
The endoplasm hits your bat skeleton.
Your bat skeleton is destroyed!
Aiming: Necrotise (safe; 3% risk of failure)
Press: ? - help, Q - select action Shift-Dir - straight line, f - endoplasm
Aim: an endoplasm (ally target, chance to affect: 84%)
The endoplasm writhes in agony.
Unknown command.
Aiming: Necrotise (safe; 3% risk of failure)
Press: ? - help, Q - select action Shift-Dir - straight line, f/p - endoplasm
Aim: an endoplasm (heavily wounded, ally target, chance to affect: 84%)
The endoplasm writhes in agony.
You kill the endoplasm!
The frilled lizard hisses angrily.
Aiming: Necrotise (safe; 3% risk of failure)
Press: ? - help, Q - select action Shift-Dir - straight line, f - frilled lizard
Aim: a frilled lizard (ally target, chance to affect: 84%)
The frilled lizard writhes in agony.
You kill the frilled lizard!
The dead are walking!
You start resting.
Your hobgoblin skeleton crumbles into dust!
Your frilled lizard skeleton crumbles into dust!
Magic restored.
You see here a +0 club.
You see here a +0 club.
Found a dagger.
A giant cockroach comes into view.
Aiming: Necrotise (safe; 3% risk of failure)
Press: ? - help, Q - select action Shift-Dir - straight line, f - giant cockroach
Aim: a giant cockroach (chance to affect: 84%)
The giant cockroach writhes in agony.
You kill the giant cockroach!
Unknown command.
A rat comes into view.
Aiming: Necrotise (safe; 3% risk of failure)
Press: ? - help, Q - select action Shift-Dir - straight line, f - rat
Aim: a rat (chance to affect: 84%)
The rat writhes in agony.
You kill the rat!
The dead are walking!
You swap places.
A ball python comes into view.
The ball python hisses angrily.
Aiming: Necrotise (safe; 3% risk of failure)
Press: ? - help, Q - select action Shift-Dir - straight line, f - you
Okay, then.
Aiming: Necrotise (safe; 3% risk of failure)
Press: ? - help, Q - select action Shift-Dir - straight line, f - ball python
Aim: a ball python (chance to affect: 84%)
The ball python writhes in agony.
You kill the ball python!
The dead are slithering!
You swap places.
Your rat skeleton crumbles into dust!
You swap places.
Your ball python skeleton crumbles into dust!
j - a scroll labelled IXAILA JUXOUSA Done exploring.
Done exploring.
Search for what [? for help]? d: You see here a +0 spear.
k - a +0 spear Adjust to which letter? (? for menu, Esc to quit)
d - a +0 dagger (weapon);
e - a scroll labelled JOWNIOROBU Adjust to which letter? (? for menu, Esc to quit)
a - a +0 spear;
k - a +0 robe (worn)
a - a +0 spear (weapon)
There is a stone staircase leading down here.
Unknown command.
You climb downwards.
Found a dagger, 6 gold pieces and a scroll labelled MEUNYF CUPPO.
There is a stone staircase leading up here.
Aiming: Necrotise (safe; 3% risk of failure)
Press: ? - help, Q - select action Shift-Dir - straight line, f - endoplasm
Aim: an endoplasm (asleep, chance to affect: 84%)
The endoplasm quivers.
The endoplasm writhes in agony.
You kill the endoplasm!
Magic restored.
You now have 58 gold pieces (gained 6).
There is a stone staircase leading up here.
Found a stone staircase leading up.
l - a scroll labelled MEUNYF CUPPO
Found a stone staircase leading down.
m - a scroll labelled KORROJA ULIL
Found a metallic inky potion.
Found a rapier.
An adder comes into view.
Aiming: Necrotise (safe; 3% risk of failure)
Press: ? - help, Q - select action Shift-Dir - straight line, f - adder
Aim: an adder (asleep, chance to affect: 78%)
The adder hisses angrily.
The adder writhes in agony.
Unknown command.
Aiming: Necrotise (safe; 3% risk of failure)
Press: ? - help, Q - select action Shift-Dir - straight line, f/p - adder
Aim: an adder (moderately wounded, chance to affect: 78%)
The adder writhes in agony.
Unknown command.
Aiming: Necrotise (safe; 3% risk of failure)
Press: ? - help, Q - select action Shift-Dir - straight line, f/p - adder
Aim: an adder (heavily wounded, chance to affect: 78%)
The adder barely resists.
Unknown command.
Aiming: Necrotise (safe; 3% risk of failure)
Press: ? - help, Q - select action Shift-Dir - straight line, f/p - adder
Aim: an adder (heavily wounded, chance to affect: 78%)
The adder writhes in agony.
You kill the adder!
The dead are slithering!
Your Fighting skill increases to level 1!
Your Stealth skill increases to level 2!
You have reached level 3!
Your experience leads to an increase in your attributes!
Increase (S)trength, (I)ntelligence, or (D)exterity?
You feel clever. x2
You feel more in touch with the powers of death.
This spell is quite dangerous to cast!
Memorise Vampiric Draining, consuming 3 spell levels and leaving 4?
You start memorising the spell.
You continue memorising. x3
You finish memorising.
Spell assigned to 'b'.
You start resting.
Your adder skeleton crumbles into dust!
Magic restored.
You now have 75 gold pieces (gained 17).
A hobgoblin comes into view.
Aiming: Necrotise (safe; 3% risk of failure)
Press: ? - help, Q - select action Shift-Dir - straight line, f - hobgoblin
Aim: a hobgoblin (asleep, chance to affect: 93%)
You feel a surge of power!
The hobgoblin shouts!
The hobgoblin writhes in agony!
You kill the hobgoblin!
The dead are walking!
g - 2 scrolls labelled TOFROU PETOD (gained 1)
You see here a +0 rapier.
n - a +0 rapier You see here a metallic inky potion.
Found 4 stones.
You now have 78 gold pieces (gained 3).
Your hobgoblin skeleton crumbles into dust!
Found a bubbling puce potion.
You see here a bubbling puce potion.
Found a stone staircase leading up.
Found 8 stones and 2 red potions.
A kobold and a giant cockroach come into view.
Found an escape hatch in the floor.
Aiming: Necrotise (safe; 3% risk of failure)
Press: ? - help, Q - select action Shift-Dir - straight line, f - giant cockroach
Aim: a giant cockroach (asleep, chance to affect: 93%)
You feel a surge of power!
The giant cockroach barely resists.
Unknown command.
Aiming: Necrotise (safe; 3% risk of failure)
Press: ? - help, Q - select action Shift-Dir - straight line, f/p - giant cockroach
Aim: a giant cockroach (chance to affect: 93%)
You feel a surge of power!
You miscast Necrotise.
You are very lightly contaminated with residual magic.
Nothing appears to happen.
You hit the giant cockroach.
The giant cockroach is almost dead.
The giant cockroach bites you but does no damage.
You closely miss the giant cockroach.
The giant cockroach is almost dead.
The giant cockroach closely misses you.
The giant cockroach bites you but does no damage.
You hit the giant cockroach but do no damage.
The giant cockroach is almost dead.
The giant cockroach bites you but does no damage.
You hit the giant cockroach but do no damage.
The giant cockroach is almost dead.
The giant cockroach barely misses you.
You hit the giant cockroach.
You kill the giant cockroach!
Your magical contamination has completely faded away.
Aiming: Necrotise (safe; 3% risk of failure)
Press: ? - help, Q - select action Shift-Dir - straight line, f - kobold
Aim: a kobold, wielding a +0 short sword and quivering stones (chance to affect: 93%)
You feel a surge of power!
The kobold writhes in agony.
You kill the kobold!
The dead are walking!
Things that are here:
a +0 short sword; 4 stones; a giant cockroach corpse A hobgoblin and a giant cockroach come into view.
Found 18 gold pieces.
Aiming: Necrotise (safe; 3% risk of failure)
Press: ? - help, Q - select action Shift-Dir - straight line, f - hobgoblin
Aim: a hobgoblin (asleep, chance to affect: 93%)
You feel a surge of power!
The hobgoblin shouts!
The hobgoblin writhes in agony.
Aiming: Necrotise (safe; 3% risk of failure)
Press: ? - help, Q - select action Shift-Dir - straight line, f/p - hobgoblin
Aim: a hobgoblin (lightly wounded, ally target, chance to affect: 93%)
You feel a surge of power!
The hobgoblin writhes in agony.
Your kobold skeleton hits the hobgoblin but does no damage.
Unknown command.
Aiming: Necrotise (safe; 3% risk of failure)
Press: ? - help, Q - select action Shift-Dir - straight line, f/p - hobgoblin
Aim: a hobgoblin (moderately wounded, ally target, chance to affect: 93%)
You feel a surge of power!
The hobgoblin writhes in agony.
You kill the hobgoblin!
The dead are walking!
Your kobold skeleton barely misses the giant cockroach.
You hit the giant cockroach.
The giant cockroach is lightly wounded.
Your kobold skeleton crumbles into dust!
The giant cockroach barely misses you.
Unknown command.
You hit the giant cockroach but do no damage.
The giant cockroach is lightly wounded.
The giant cockroach closely misses you.
Your hobgoblin skeleton closely misses the giant cockroach.
The giant cockroach bites you but does no damage.
You closely miss the giant cockroach.
The giant cockroach is lightly wounded.
Your hobgoblin skeleton hits the giant cockroach but does no damage.
The giant cockroach bites you.
You closely miss the giant cockroach.
The giant cockroach is lightly wounded.
The giant cockroach bites you but does no damage.
Your hobgoblin skeleton closely misses the giant cockroach.
You closely miss the giant cockroach.
The giant cockroach is lightly wounded.
The giant cockroach bites you.
Your hobgoblin skeleton barely misses the giant cockroach.
The giant cockroach bites you but does no damage.
You closely miss the giant cockroach.
The giant cockroach is lightly wounded.
Your hobgoblin skeleton hits the giant cockroach.
The giant cockroach bites you but does no damage.
You hit the giant cockroach but do no damage.
The giant cockroach is moderately wounded.
The giant cockroach bites you.
Your hobgoblin skeleton hits the giant cockroach.
You hit the giant cockroach.
You kill the giant cockroach!
Things that are here:
a +0 short sword; 4 stones; a giant cockroach corpse
o - a +0 short sword HP restored.
You see here a giant cockroach corpse.
Your hobgoblin skeleton crumbles into dust!
You now have 96 gold pieces (gained 18).
g - 3 scrolls labelled TOFROU PETOD (gained 1)
You see here a giant cockroach corpse.
Found a long sword.
You see here a +0 long sword.
p - a +0 long sword As you open the door, it creaks loudly!
You hear an angry hiss.
There is an open door here.
An endoplasm comes into view.
A ball python comes into view.
There is an open door here.
Aiming: Necrotise (safe; 3% risk of failure)
Press: ? - help, Q - select action Shift-Dir - straight line, f - ball python
Aim: a ball python (wandering, hasn't noticed you, chance to affect: 93%)
You feel a surge of power!
The ball python hisses angrily.
The ball python writhes in agony.
You kill the ball python!
The dead are slithering!
Your ball python skeleton bites the endoplasm.
The endoplasm hits your ball python skeleton.
Your ball python skeleton bites the endoplasm but does no damage.
The endoplasm hits your ball python skeleton.
Your ball python skeleton completely misses the endoplasm.
Your ball python skeleton bites the endoplasm but does no damage.
Aiming: Necrotise (safe; 3% risk of failure)
Press: ? - help, Q - select action Shift-Dir - straight line, f - endoplasm
Aim: an endoplasm (ally target, chance to affect: 93%)
You feel a surge of power!
The endoplasm writhes in agony.
Your ball python skeleton bites the endoplasm but does no damage.
Unknown command.
You hit the endoplasm.
The endoplasm is almost dead.
The endoplasm hits you.
Your ball python skeleton bites the endoplasm.
The endoplasm dies!
You swap places.
Found a sling.
q - a scroll labelled OSHOUFR XAMAPH You see here a +0 sling.
r - a +0 sling Adjust to which letter? (? for menu, Esc to quit)
b - a +0 sling;
r - a scroll labelled DOHES LERCHAMIRE Your ball python skeleton crumbles into dust!
You see here 4 stones.
You see here 4 stones.
There is an open door here.
A hobgoblin comes into view. It is wielding a +0 sling.
The hobgoblin shouts!
The hobgoblin moves out of view.
Aiming: Necrotise (safe; 3% risk of failure)
Press: ? - help, Q - select action Shift-Dir - straight line, f - hobgoblin
Aim: a hobgoblin, wielding a +0 sling (chance to affect: 93%)
You feel a surge of power!
The hobgoblin writhes in agony.
The hobgoblin shoots a sling bullet.
The sling bullet hits you!
Unknown command.
Aiming: Necrotise (safe; 3% risk of failure)
Press: ? - help, Q - select action Shift-Dir - straight line, f/p - hobgoblin
Aim: a hobgoblin, wielding a +0 sling (severely wounded, chance to affect: 93%)
You feel a surge of power!
The hobgoblin writhes in agony!
You kill the hobgoblin!
The dead are walking!
Your hobgoblin skeleton crumbles into dust!
Found 8 stones.
h - 3 scrolls labelled ERGHAR QAUSOQA (gained 2)
You now have 105 gold pieces (gained 9).
Things that are here:
a +0 sling; an orange potion
Found a leather armour.
A sourceless malevolence fills the Dungeon...
You fall into a shaft and drop 2 floors!
The shaft crumbles and collapses.
Found a whip.
An orc comes into view. It is wielding a +0 whip.
Unknown command.
A black bear comes into view.
Found a stone staircase leading down.
The black bear growls angrily.
Unknown command.
The air fills with toxic fumes!
As you read the scroll labelled TOFROU PETOD, it crumbles to dust.
It was a scroll of poison.
The black bear bites you. The black bear barely misses you.
The black bear claws you.
The black bear attacks as you move away!
The black bear closely misses you. The black bear claws you. x2
You reach to attack!
You hit the black bear.
The black bear is moderately wounded.
You reach to attack!
You completely miss the black bear.
The black bear is moderately wounded.
You reach to attack!
You hit the black bear.
The black bear is heavily wounded.
You reach to attack!
You hit the black bear.
The black bear is severely wounded.
You reach to attack!
You hit the black bear.
The black bear is severely wounded.
You reach to attack!
You barely miss the black bear.
The black bear is severely wounded.
You reach to attack!
You hit the black bear.
The black bear is severely wounded.
You reach to attack!
You hit the black bear.
The black bear is almost dead.
You reach to attack!
You barely miss the black bear.
The black bear is almost dead.
The black bear goes berserk!
You reach to attack!
You hit the black bear.
The black bear is almost dead.
The black bear is poisoned.
The black bear bites you. The black bear claws you. x2
The black bear bites you. The black bear claws you.
* * * LOW HITPOINT WARNING * * *
The black bear claws you!
You die...

Skill      XL: |  1  2 |
---------------+-------+-----
Spellcasting   | 3 |  3.2
Fighting       | 1 |  1.1
Stealth        | 2 |  2.0
Dodging        | |  1.5
Necromancy     | |  4.5

Action                     || total
---------------------------++-------
  Melee: Dagger            ||     1
         Spear             ||    24
   Cast: Necrotise         ||    46
    Use: Scroll            ||     1
 Armour: Robe              ||     8
  Dodge: Dodged            ||     9

Levels and vault maps discovered:
D:1:      dpeg_arrival_rooms_c, layout_rooms
D:2:      layout_basic, minmay_split_cup_large, uniq_robin
D:4:      layout_loops_cross, minmay_temple_entry_grid

Notes
Turn   | Place    | Note
-------+----------+-------------------------------------------
     0 | D:1      | scionoferis the Mummy Necromancer began the quest for the
                  | Orb.
     0 | D:1      | Reached XP level 1. HP: 13/13 MP: 4/4
   190 | D:1      | Reached XP level 2. HP: 20/20 MP: 3/5
   382 | D:1      | Reached skill level 3 in Spellcasting
   813 | D:2      | Reached skill level 1 in Fighting
   813 | D:2      | Reached skill level 2 in Stealth
   813 | D:2      | Gained mutation: You are in touch with the powers of death.
                  | [Mummy growth]
   813 | D:2      | Reached XP level 3. HP: 26/26 MP: 2/7
   817 | D:2      | Learned a level 3 spell: Vampiric Draining
  1209 | D:2      | You fall into a shaft and drop 2 floors!
  1234 | D:4      | Noticed a black bear
  1250 | D:4      | Slain by a black bear

Vanquished Creatures
  An adder (D:2)
  3 endoplasms (D:1 D:2)
  3 giant cockroaches (D:1 D:2)
  3 goblins (D:1)
  5 hobgoblins (D:1 D:2)
  2 quokkas (D:1)
  3 ball pythons (D:1 D:2)
  4 bats (D:1)
  3 frilled lizards (D:1)
  A kobold (D:2)
  A rat (D:1)
29 creatures vanquished.

Vanquished Creatures (collateral kills)
  2 endoplasms (D:1 D:2)
  A goblin (D:1)
  A ball python (D:1)
4 creatures vanquished.

Grand Total: 33 creatures vanquished

Table legend: (Time is in decaauts)
 A = Elapsed time spent in this place.
 B = Non-inter-level travel time spent in this place.
 C = Inter-level travel time spent in this place.
 D = Time resting spent in this place.
 E = Time spent auto-exploring this place.
 F = Levels seen in this place.
 G = Mean time per level.
                   A        B        C        D        E       F      G
               +--------+--------+--------+--------+--------+-----+--------+
         Total |   1250 |   1189 |     61 |    138 |    789 |   3 |  416.7 |
       Dungeon |   1250 |   1189 |     61 |    138 |    789 |   3 |  416.7 |
               +--------+--------+--------+--------+--------+-----+--------+

Top non-repeatable levels by time:
     D:1: 773 daAuts
     D:2: 435 daAuts
     D:4: 41 daAuts

Table legend:
 A = Non-vault XP
 B = Vault XP
 C = Vault XP percentage of total XP
 D = Non-vault monster count
 E = Vault monster count
 F = Vault count percentage of total count
                 A         B        C        D         E       F
            +---------+---------+-------+---------+---------+-------
      Total |      57 |       7 |  10.9 |      29 |       4 |  12.1
            +---------+---------+-------+---------+---------+-------
        D:1 |      35 |       0 |   0.0 |      23 |       0 |   0.0
        D:2 |      22 |       7 |  24.1 |       6 |       4 |  40.0
            +---------+---------+-------+---------+---------+-------
